 Dungeon Crawl Stone Soup version 0.14-a0-2061-g6c6fb9c (webtiles) character file.

4443 Jenx the Impaler (level 10, -7/69 HPs)
             Began as a Merfolk Skald on Jan 21, 2014.
             Was a Priest of Dithmengos.
             Mangled by a troll (12 damage)
             ... on Level 9 of the Dungeon.
             The game lasted 00:33:07 (8010 turns).

Jenx the Impaler (Merfolk Skald)                    Turns: 8010, Time: 00:33:07

HP  -7/69        AC 13     Str 12      XL: 10   Next: 26%
MP  17/17        EV 14     Int 15      God: Dithmengos [***...]
Gold 339         SH  0     Dex 14      Spells:  4 memorised,  5 levels left

rFire  . . .     SeeInvis .     a - +1,+3 halberd
rCold  . . .     Clarity  .     P - +0 elf leather armour
rNeg   . . .     Conserve .     (no shield)
rPois  .         rCorr    .     y - +1 dwarf helmet
rElec  .         rRot     .     (no cloak)
SustAb . .       Spirit   .     v - +1 pair of dwarf gloves
rMut   .         Warding  .     q - +0 pair of elf boots
Saprov . . .     Stasis   .     (no amulet)
MR     .....                    F - cursed +3 ring of evasion
                                i - +5 ring of protection

@: wreathed by umbra, not resistant to hostile enchantments, extremely stealthy
A: change form in water, swift swim
a: Shadow Step, Renounce Religion


You were on level 9 of the Dungeon.
You worshipped Dithmengos.
Dithmengos was most pleased with you.
You were not hungry.

You visited 2 branches of the dungeon, and saw 10 of its levels.

You collected 466 gold pieces.
You spent 127 gold pieces at shops.

Inventory:

Hand weapons
 a - a +1,+3 halberd (weapon)
 A - a +1,+1 dwarven dagger of venom
Missiles
 p - 2 curare-tipped needles
 w - 4 silver tomahawks (quivered)
Armour
 q - a +0 pair of elven boots (worn)
 v - a +1 pair of dwarven gloves (worn)
 y - a +1 dwarven helmet (worn)
 P - a +0 elven leather armour (worn)
Magical devices
 b - a wand of slowing (5)
 u - a wand of flame (14)
 G - a wand of confusion (9)
 N - a wand of cold (7)
 O - a wand of fireball (4)
Comestibles
 d - 7 bread rations
 C - 5 meat rations
 E - an apple
 S - a banana
Scrolls
 e - 2 scrolls of remove curse
 f - 3 scrolls of blinking
 h - 2 scrolls of identify
 k - 3 scrolls of teleportation
 l - 4 scrolls of fog
 m - 6 scrolls of magic mapping
 t - a scroll of fear {unknown}
 x - a scroll of noise {unknown}
 B - 4 scrolls of recharging
 D - 2 scrolls of enchant weapon I
 I - 2 scrolls of curse armour {unknown}
 L - a scroll of enchant armour
 M - 3 scrolls of enchant weapon II
 Q - a scroll of curse jewellery {unknown}
Jewellery
 i - a +5 ring of protection (left hand)
 n - a +2 ring of dexterity
 F - a cursed +3 ring of evasion (right hand)
Potions
 g - a potion of brilliance
 j - a potion of degeneration {unknown}
 o - a potion of flight
 s - 3 potions of poison {unknown}
 z - 3 potions of curing {unknown}
 H - a potion of beneficial mutation {unknown}
 J - a potion of cure mutation {unknown}
 K - a potion of restore abilities
Books
 c - a book of Battle

   Spells                             Type                      Level
   *Infusion                          Charms                       1
   *Shroud of Golubria                Charms/Translocation         2
   Song of Slaying                    Charms                       2
   *Spectral Weapon                   Hexes/Charms                 3
   *Regeneration                      Charms/Necromancy            3
 r - a book of Geomancy

   Spells                             Type                      Level
   Sandblast                          Earth                        1
   Stoneskin                          Transmutation/Earth          2
   Passwall                           Transmutation/Earth          3
   Stone Arrow                        Conjuration/Earth            3
   Petrify                            Transmutation/Earth          4
   Lee's Rapid Deconstruction         Earth                        5
 R - a book of Maledictions

   Spells                             Type                      Level
   Corona                             Hexes                        1
   Sure Blade                         Hexes/Charms                 2
   Ensorcelled Hibernation            Hexes/Ice                    2
   Confuse                            Hexes                        3
   Enslavement                        Hexes                        4
   Invisibility                       Hexes                        6


   Skills:
 + Level 2.8 Fighting
 - Level 15.1 Polearms
 - Level 0.6 Armour
 - Level 1.3 Dodging
 * Level 4.7 Stealth
 - Level 2.5 Spellcasting
 - Level 4.1 Hexes
 - Level 7.5 Charms
 - Level 2.0 Necromancy


You had 5 spell levels left.
You knew the following spells:

 Your Spells              Type           Power        Failure   Level  Hunger
a - Infusion              Chrm           ###...       1%          1    #......
b - Shroud of Golubria    Chrm/Tloc      ##........   10%         2    ##.....
c - Spectral Weapon       Hex/Chrm       ###.....     10%         3    ####...
d - Regeneration          Chrm/Necr      ###.......   12%         3    ####...


Dungeon Overview and Level Annotations

Branches:
Dungeon (9/16)             Temple (1/1) D:5            Lair (0/8) D:8
    Orc: D:9-12

Altars:
Ashenzari
Cheibriados
Dithmengos
Elyvilon
Fedhas
Kikubaaqudgha
Makhleb
Nemelex Xobeh
Okawaru
Sif Muna
Trog
Vehumet
Xom
Yredelemnul
Zin
the Shining One

Shops:
D:5 (   D:7 ?   D:8 }


Message History

The troll is severely wounded.
The troll misses you. The troll claws you but does no damage.
The troll claws you.
You puncture the troll!
The troll is almost dead.
You closely miss the troll.
The troll is almost dead.
The troll bites you!
* * * LOW HITPOINT WARNING * * *
The troll closely misses you. The troll claws you but does no damage.
You completely miss the troll.
The troll is almost dead.
The troll closely misses you. The troll claws you.
* * * LOW HITPOINT WARNING * * *
The troll claws you.
* * * LOW HITPOINT WARNING * * *
You barely miss the troll.
The troll is almost dead.
The troll misses you. The troll claws you!
You die...

.............##
....#....#...##
.........)....#
.............##
..............####
....)..........#.##
..........#.......# .#
.......#...##....T##..##
.#.#........##.[@......#
.......................#
................###.#.##
.................## #
........#.........#
.............###.##
.#............####
......##.......##
.......#........##


You could see a troll.

Vanquished Creatures
  A hill giant zombie (D:9)
  A merfolk (D:7)
  Menkaure (D:7)
  2 orc warriors (D:9)
  2 sky beasts
  3 phantoms
  5 centaurs
  5 ogres
  Sigmund (D:7)
  A big kobold (D:9)
  Blork the orc (D:6)
  2 giant frogs
  An eye of draining (D:9)
  4 killer bees (D:7)
  9 wights
  5 crimson imps
  A jelly (D:6)
  An iguana (D:5)
  4 orc priests
  6 orc wizards
  3 hounds
  A scorpion (D:8)
  11 worker ants
  4 big fish (D:7)
  A killer bee zombie (D:6)
  An ogre skeleton (D:5)
  3 adders
  7 gnolls
  2 worms (D:3)
  2 giant mites
  An adder skeleton (D:5)
  An adder zombie (D:5)
  A giant eyeball (D:6)
  9 giant geckos
  22 orcs
  16 bats
  4 giant cockroaches
  11 hobgoblins
  24 jackals
  17 kobolds
  6 quokkas
  3 ball pythons
  A giant gecko skeleton (D:5)
  3 giant newts
  13 goblins
  An orc zombie (D:6)
  9 rats
233 creatures vanquished.

Vanquished Creatures (others)
  A spectral weapon (D:9)
  A giant gecko (D:5)
  A goblin (D:5)
3 creatures vanquished.

Grand Total: 236 creatures vanquished

Notes
Turn   | Place    | Note
--------------------------------------------------------------
     0 | D:1      | Jenx, the Merfolk Skald, began the quest for the Orb.
     0 | D:1      | Reached XP level 1. HP: 16/16 MP: 3/3
   321 | D:1      | Reached skill level 4 in Polearms
   321 | D:1      | Reached XP level 2. HP: 20/22 MP: 4/4
   752 | D:2      | Reached skill level 5 in Polearms
   752 | D:2      | Reached XP level 3. HP: 27/27 MP: 6/6
   928 | D:2      | Learned a level 2 spell: Shroud of Golubria
   932 | D:2      | Learned a level 3 spell: Spectral Weapon
  1388 | D:3      | Reached skill level 6 in Polearms
  1447 | D:3      | Reached XP level 4. HP: 33/33 MP: 7/7
  2072 | D:4      | Reached skill level 7 in Polearms
  2086 | D:4      | Reached XP level 5. HP: 35/38 MP: 7/9
  2169 | D:4      | Reached skill level 8 in Polearms
  2344 | D:4      | Noticed a phantom
  2350 | D:4      | Killed a phantom
  2350 | D:4      | Reached skill level 9 in Polearms
  2350 | D:4      | Reached XP level 6. HP: 44/44 MP: 1/10
  2355 | D:4      | Learned a level 3 spell: Regeneration
  2601 | D:4      | Reached skill level 10 in Polearms
  2840 | D:4      | Reached XP level 7. HP: 37/50 MP: 8/12
  2886 | D:4      | Reached skill level 11 in Polearms
  3112 | D:5      | Entered Level 5 of the Dungeon
  3120 | D:5      | Reached skill level 1 in Hexes
  3229 | D:5      | Found Plesag's Antique Weapon Boutique.
  3666 | D:5      | Reached XP level 8. HP: 52/56 MP: 13/13
  3695 | D:5      | Reached skill level 1 in Necromancy
  3879 | D:5      | Found a staircase to the Ecumenical Temple.
  3900 | Temple   | Entered the Ecumenical Temple
  4084 | Temple   | Became a worshipper of Dithmengos
  4873 | D:6      | Reached skill level 5 in Charms
  4951 | D:6      | Noticed Blork the orc
  4958 | D:6      | Killed Blork the orc
  4978 | D:6      | Paralysed by a giant eyeball for 4 turns
  5378 | D:6      | Reached skill level 12 in Polearms
  5551 | D:7      | Reached XP level 9. HP: 50/61 MP: 15/15
  5635 | D:7      | Found Giome's Magic Scroll Boutique.
  5645 | D:7      | Bought a scroll of enchant armour for 82 gold pieces
  5645 | D:7      | Bought a scroll of teleportation for 45 gold pieces
  5696 | D:7      | Reached skill level 13 in Polearms
  5701 | D:7      | Found an ancient bone altar of Kikubaaqudgha.
  5706 | D:7      | Found a shimmering altar of Xom.
  5711 | D:7      | Found a basalt altar of Yredelemnul.
  5714 | D:7      | Found a sparkling altar of Nemelex Xobeh.
  5738 | D:7      | Noticed Sigmund
  5749 | D:7      | Killed Sigmund
  5882 | D:7      | Reached skill level 14 in Polearms
  6289 | D:7      | Noticed Menkaure
  6295 | D:7      | Killed Menkaure
  6532 | D:8      | Acquired Dithmengos' first power
  6569 | D:8      | Reached skill level 15 in Polearms
  6595 | D:8      | Found a basalt altar of Yredelemnul.
  6623 | D:8      | Reached skill level 1 in Stealth
  6763 | D:8      | Found a sparkling altar of Nemelex Xobeh.
  6785 | D:8      | Found a staircase to the Lair.
  6939 | D:8      | Found Pido's Gadget Shoppe.
  7221 | D:9      | Reached XP level 10. HP: 9/67 MP: 11/17
  7240 | D:9      | HP: 3/67 [orc/orcish flail (7)]
  7676 | D:9      | Acquired Dithmengos' second power
  8010 | D:9      | Mangled by a troll

Action                   |  1- 3 |  4- 6 |  7- 9 | 10-12 || total
-------------------------+-------+-------+-------+-------++-------
Melee: Spear             |   192 |   150 |       |       ||   342
       Halberd           |       |    64 |   476 |    95 ||   635
Throw: Tomahawk          |       |       |     1 |       ||     1
 Cast: Shroud of Golubri |       |     6 |    15 |     2 ||    23
       Spectral Weapon   |       |     6 |     5 |     1 ||    12
       Regeneration      |       |       |     2 |     1 ||     3
Evoke: Wand              |       |       |     2 |     1 ||     3
  Use: Scroll            |     1 |     3 |     6 |       ||    10
       Potion            |       |     8 |     2 |       ||    10
 Stab: Sleeping          |     2 |     1 |     3 |     6 ||    12
       Distracted        |       |     1 |     1 |       ||     2
